details: 'guy gets mad about tr in 4s'

« prev index next »

General information

Mini Map

Players

team 1
Random» Orcarrogant (orange | 47 APM | 155 actions | 03:16)
Hero icon 1 Pit Lord
Ability icon 1 Rain of Fire

» actions
Assign group hotkey36
Build / train13
Enter build submenu6
Enter hero's abilities submenu1
Right click36
Select / deselect45
Select group hotkey8
Use ability10
155 total
» units
Peon11
11 total
» buildings
Orc Burrow3
Altar of Storms1
4 total
» build order
00:11 Orc Burrow
00:22 Orc Burrow
00:39 Altar of Storms
01:05 Orc Burrow
Random» OrcbestineasT (blue | 63 APM | 211 actions | 03:20)
Hero icon 2 Blademaster
Ability icon 2 Wind Walk

» actions
Assign group hotkey1
Build / train22
Enter build submenu7
Enter hero's abilities submenu2
Right click72
Select / deselect61
Select group hotkey36
Use ability10
211 total
» units
Peon11
11 total
» buildings
Altar of Storms1
Orc Burrow1
War Mill1
Voodoo Lounge1
Barracks1
Stronghold3
8 total
» build order
00:07 Altar of Storms
00:19 Orc Burrow
00:59 War Mill
01:08 Voodoo Lounge
02:05 Barracks
02:56 Stronghold
02:56 Stronghold
02:56 Stronghold
» items
Healing Salve1
Lesser Clarity Potion1
Scroll of Speed2
4 total
Random» NightElffrex (pink | 28 APM | 84 actions | 02:57)
Hero icon 1 Demon Hunter
Ability icon 1 Immolation

» actions
Basic commands1
Build / train16
Enter build submenu8
Enter hero's abilities submenu1
Right click17
Select / deselect30
Use ability11
84 total
» units
Wisp14
14 total
» buildings
Altar of Elders1
Moon Well3
Hunter's Hall1
Ancient of War2
7 total
» build order
00:12 Altar of Elders
00:18 Moon Well
01:36 Hunter's Hall
01:55 Moon Well
02:15 Moon Well
02:25 Ancient of War
02:31 Ancient of War
OrcU_Shall_Die. (purple | 14 APM | 28 actions | 01:59)

» actions
Build / train2
Enter build submenu3
Right click4
Select / deselect17
Use ability2
28 total
» units
Peon2
2 total
» buildings
Altar of Storms1
Orc Burrow1
2 total
» build order
00:59 Altar of Storms
01:12 Orc Burrow
team 2
HumanMOTTS (red | 38 APM | 128 actions | 03:20)
Hero icon 1 Blood Mage
Ability icon 1 Flame Strike

» actions
Build / train14
Enter build submenu8
Enter hero's abilities submenu1
Right click52
Select / deselect44
Use ability9
128 total
» units
Peasant10
Rifleman1
11 total
» upgrades
Gunpowder1
1 total
» buildings
Altar of Kings1
Barracks1
Farm4
Blacksmith1
7 total
» build order
00:23 Altar of Kings
00:39 Barracks
00:54 Farm
00:58 Farm
01:37 Farm
01:43 Blacksmith
02:30 Farm
NightElfkoogar (yellow | 30 APM | 101 actions | 03:20)
Hero icon 1 Demon Hunter
Ability icon 1 Immolation

» actions
Build / train19
Enter build submenu5
Enter hero's abilities submenu1
Right click29
Select / deselect38
Use ability9
101 total
» units
Wisp13
Archer4
17 total
» buildings
Altar of Elders1
Moon Well3
Ancient of War1
5 total
» build order
00:12 Altar of Elders
00:22 Moon Well
00:36 Ancient of War
01:38 Moon Well
02:09 Moon Well
Random» NightElfzeppelin016 (teal | 46 APM | 155 actions | 03:20)
Hero icon 1 Warden
Ability icon 1 Shadow Strike

» actions
Assign group hotkey2
Basic commands8
Build / train13
ESC pressed1
Enter build submenu3
Enter hero's abilities submenu1
Right click59
Select / deselect53
Select group hotkey6
Use ability9
155 total
» units
Wisp11
11 total
» buildings
Altar of Elders1
Moon Well1
2 total
» build order
00:18 Altar of Elders
00:27 Moon Well
HumanHenryHurls (green | 70 APM | 236 actions | 03:21)

» actions
Assign group hotkey13
Build / train26
Enter build submenu11
Right click76
Select / deselect39
Select group hotkey54
Use ability17
236 total
» units
Peasant13
13 total
» buildings
Lumber Mill1
Scout Tower8
Guard Tower13
Farm1
23 total
» build order
00:10 Lumber Mill
00:52 Scout Tower
01:01 Scout Tower
01:05 Guard Tower
01:05 Guard Tower
01:14 Scout Tower
01:19 Guard Tower
01:19 Guard Tower
01:34 Guard Tower
01:34 Guard Tower
01:34 Guard Tower
01:36 Scout Tower
01:48 Farm
01:53 Guard Tower
01:53 Guard Tower
02:02 Scout Tower
02:23 Guard Tower
03:05 Scout Tower
03:07 Scout Tower
03:14 Scout Tower

Chat log

(00:19 / Allies) HenryHurls: tower flushing
(00:22 / Allies) HenryHurls: solo style
(00:29 / Allies) MOTTS: k tower rsuh
(00:53 / All) arrogant: hi green
(01:08 / All) U_Shall_Die.: green TOWERING
(01:15 / Allies) HenryHurls: need wood
(01:16 / Allies) zeppelin016: lol nice
(01:17 / Allies) HenryHurls: and a bit of gold
(01:20 / All) U_Shall_Die.: GG
(01:24 / All) U_Shall_Die.: oj noob
(01:28 / All) arrogant: LOL NOOB?
(01:30 / All) HenryHurls: team chat pls
(01:32 / All) HenryHurls: team chat
(01:59 / All) HenryHurls: CORD
(02:00 / All) arrogant: BY A HACKERR?
(02:09 / All) MOTTS: Purp afk lol
(02:10 / Allies) HenryHurls: come support
(02:13 / All) arrogant: U AHCK AND TALKS SHIT LOL
(02:23 / All) arrogant: HE WAS AFK YES
(02:46 / All) arrogant: ITS OK
(02:48 / All) arrogant: IM COMFORTABLE
(02:49 / All) HenryHurls: UR MAD
(02:50 / All) HenryHurls: OWNED
(02:51 / All) arrogant: LOSIN TO MAP AHCK
(02:52 / All) arrogant: MAD?
(02:55 / All) MOTTS: ! for 1
(02:55 / All) HenryHurls: OWNED
(02:56 / All) HenryHurls: OWNED
(02:59 / All) HenryHurls: OWNED
(03:12 / All) arrogant: 3rd time this month i banned